 Dungeon Crawl Stone Soup version 0.17.2 (webtiles) character file.

410796 Goblin1989 the Spry (level 22, -3/265 (268) HPs)
             Began as a Demonspawn Monk on May 4, 2016.
             Was a High Priest of Okawaru.
             Slain by a death ooze (21 damage)
             ... on level 6 of the Pits of Slime on May 16, 2016.
             The game lasted 04:34:56 (50296 turns).

Goblin1989 the Spry (Demonspawn Monk)              Turns: 50296, Time: 04:34:56

HP:   -3/265 (268)  AC: 21    Str: 26    XL:     22   Next: 46%
MP:   22/26         EV: 38    Int: 12    God:    Okawaru [*****.]
Gold: 4280          SH:  0    Dex: 32    Spells: 6 memorised, 2 levels left

rFire  + + .     SeeInvis .       - Unarmed
rCold  + + .     Clarity  .     D - +6 chain mail of the Will of the Gods {MR++ Str+3}
rNeg   . . .     SustAt   .     (no shield)
rPois  +         Gourm    .     (helmet unavailable)
rElec  +         Spirit   .     j - +0 cloak {rPois}
rCorr  +         Warding  .     (gloves unavailable)
rMut   .         Stasis   .     (boots unavailable)
MR     +++..                    g - amulet of resist corrosion {rCorr, !d}
Stlth  ..........               R - +6 ring of dexterity
                                y - +4 ring of slaying

@: mighty, agile, berserking (expiring), resistant, heroism, very slightly
contaminated, hasted, very quick, extremely resistant to hostile enchantments,
extremely unstealthy
A: claws 3, hooves 3, horns 3, agile 1, cold resistance 1, fire resistance 1,
powered by death 3, no device heal 1, freezing cloud immunity
a: Heroism, Finesse, Renounce Religion
}: 2/15 runes: decaying, gossamer


You were on level 6 of the Pits of Slime.
You worshipped Okawaru.
Okawaru was extremely pleased with you.
You were not hungry.

You visited 9 branches of the dungeon, and saw 49 of its levels.
You visited the Abyss 1 time.
You also visited: Labyrinth, Ice Cave, Volcano and Wizlab.

You collected 5186 gold pieces.
You spent 906 gold pieces at shops.

Inventory:

Hand Weapons
 b - the +8 hand crossbow of Urinkoa {penet, rElec rF++}
   (You found it on level 3 of the Vaults)

   Ammo fired by it will pass through the targets it hits, potentially hitting
   all targets in its path until it reaches maximum range.
   It greatly protects you from fire.
   It insulates you from electricity.
 e - the +15 heavy crossbow "Sniper" {velocity, SInv}
   (Okawaru gifted it to you on level 10 of the Dungeon)

   Any bolt fired from it inflicts extra damage.
   It lets you see invisible.
Missiles
 k - 239 bolts of frost
 l - 106 silver bolts
 m - 37 bolts of penetration
 w - 938 bolts
 F - 12 steel bolts
 I - 84 poisoned bolts
 P - 107 bolts of flame
Armour
 j - a +0 cloak of poison resistance (worn)
 D - the +6 chain mail of the Will of the Gods (worn) {MR++ Str+3}
   (You found it on level 7 of the Lair of Beasts)

   It affects your strength (+3).
   It affects your resistance to hostile enchantments.
Jewellery
 d - an uncursed ring of fire {rF+, rC-}
 g - an amulet of resist corrosion (around neck) {rCorr, !d}
 o - an uncursed ring of wizardry {Wiz+, !d}
 p - the ring "Ytton" {rC+ rN+ MP+9 Str-2}
   (You found it in a labyrinth)

   [ring of magical power]

   It affects your strength (-2).
   It protects you from cold.
   It protects you from negative energy.
   It affects your magic capacity (+9).
 y - a +4 ring of slaying (left claw)
 L - an uncursed ring of positive energy {rN+}
 R - a +6 ring of dexterity (right claw)
 X - an uncursed ring of sustain attributes
Wands
 i - a wand of digging (11)
Scrolls
 c - 17 scrolls of remove curse
 f - a scroll of silence
 h - 10 scrolls of immolation {!r}
 n - 16 scrolls of teleportation
 q - 3 scrolls of fog
 r - 21 scrolls of identify
 u - 6 scrolls of enchant armour
 E - 5 scrolls of fear
 G - 3 scrolls of magic mapping {!r}
 H - 3 scrolls of summoning
 T - 3 scrolls of blinking {!r}
 W - 3 scrolls of recharging
Potions
 a - 7 potions of ambrosia
 s - 14 potions of curing
 t - 9 potions of magic
 v - 8 potions of flight
 z - 3 potions of might
 K - 6 potions of brilliance
 O - 3 potions of berserk rage {!q}
 Q - 2 potions of heal wounds
 S - 5 potions of cancellation
 U - 3 potions of agility (quivered)
 V - 3 potions of haste
 Z - 2 potions of resistance
Books
 Y - the Collected Works on Displacement and the Oath
   (You found it on level 1 of the Depths)

   Spells                             Type                      Level
   a - Apportation                    Translocation                1
   b - Confuse                        Hexes                        3
   c - Recall                         Summoning/Translocation      3
   d - Portal Projectile              Translocation                3
   e - Cause Fear                     Hexes                        4
   f - Passage of Golubria            Translocation                4
Comestibles
 A - 22 bread rations
 B - 3 fruits
 J - 13 meat rations


   Skills:
 + Level 16.3(21.3) Fighting
 * Level 18.8(23.8) Crossbows
 - Level 11.1(16.1) Armour
 - Level 19.0(24.0) Dodging
 - Level 1.7(6.7) Stealth
 + Level 16.8(21.8) Unarmed Combat
 - Level 4.2 Charms
 + Level 5.9 Translocations
 - Level 6.5 Invocations


You had 2 spell levels left.
You knew the following spells:

 Your Spells              Type           Power        Failure   Level  Hunger
a - Repel Missiles        Chrm/Air       #.....       78%         2    ###....
b - Swiftness             Chrm/Air       #.......     78%         2    ###....
c - Silence               Hex/Air        #.........   100%        5    ######.
d - Haste                 Chrm           ##......     100%        6    #######
e - Apportation           Tloc           ##........   14%         1    ##.....
f - Portal Projectile     Tloc           ##....       38%         3    ####...


Dungeon Overview and Level Annotations

Branches:
Dungeon (15/15)            Temple (1/1) D:5            Lair (8/8) D:10
  Swamp (4/4) Lair:5       Spider (4/4) Lair:4        Slime (6/6) Lair:8
    Orc (4/4) D:11            Elf (0/3) Orc:3        Vaults (4/5) D:14
  Crypt (0/3) Vaults:2     Depths (3/5) D:15

Altars:
Ashenzari
Cheibriados
Dithmenos
Elyvilon
Fedhas
Gozag
Kikubaaqudgha
Makhleb
Nemelex Xobeh
Okawaru
Qazlal
Ru
Sif Muna
Trog
Vehumet
Xom
Yredelemnul
Zin
The Shining One
Jiyva

Shops:
D:4 (   D:9 }   D:10 *   Orc:4 ?[:*:   Vaults:4 [

Portals:
Hell: Depths:1 Depths:2
Pandemonium: Depths:2 Depths:3
Trove: Vaults:3 (lose all piety)

Annotations:
Lair:8 2 exclusions
Swamp:2 exclusion: Roxanne, Roxanne
Slime:2 exclusion: 2 upstairs
Slime:3 exclusion: upstairs
Slime:5 exclusion: 2 upstairs
Depths:3 Shtopit's ghost, legendary GrBe


Innate Abilities, Weirdness & Mutations

You have claws for hands.
You have hooves in place of feet.
You have a pair of large horns on your head.
Your flesh is cold resistant.
You regenerate a lot of health from kills.
You are immune to freezing clouds.
You are agile. (Dex +2)
Your flesh is heat resistant.
Potions and wands are less effective at restoring your health.


Message History

The acid blob spits acid at you. The splash of acid hits you! You resist.
* * * LOW HITPOINT WARNING * * *
The acid burns!
You resist.
* * * LOW HITPOINT WARNING * * *
The death ooze hits you!
* * * LOW HITPOINT WARNING * * *
The death ooze completely misses you. The azure jelly completely misses you.
The azure jelly misses you. The azure jelly completely misses you.
The azure jelly completely misses you.
The acid blob jiggles.
You take 23 damage, and have 17/265 hp.
You eviscerate the death ooze!!! You kick the death ooze!
You destroy the death ooze!
That felt strangely unrewarding.
The azure jelly hits you but does no damage.
The azure jelly closely misses you. The azure jelly misses you.
The azure jelly completely misses you. The death ooze completely misses you.
The death ooze hits you!!
You die...

##### ## ####...##
####.#####.##....######
#.#.....#...........#.##
###......................#####
#..........................#.#
#...........J.J............#.#
.............@JJ............##
..............J..............#
.............J................
.<............................
..............................
..............................
..............................
..............................
..............................


You could see 2 acid blobs, 2 azure jellies and 2 death oozes.

Vanquished Creatures
  the royal jelly (Slime:6)
  A juggernaut (Depths:1)
  Boris (Vaults:3)
  Margery (Vaults:4)
  A golden dragon (Depths:2)
  A bone dragon (Swamp:4)
  Jorgrun (Swamp:3)
  3 liches
  A Cloud Mage (WizLab)
  Asterion (Spider:4)
  8 acid blobs
  Gastronok (D:9)
  4 sphinxes
  2 tengu reavers (Depths:2)
  Frances (Swamp:2)
  5 thorn hunters
  5 fire giants
  5 azure jellies
  A deep elf sorcerer (Depths:3)
  7 frost giants
  Donald (Spider:1)
  5 ghost moths
  12 vault wardens
  7 emperor scorpions
  Aizul (Swamp:2)
  Louise (Spider:1)
  11 ironheart preservers
  14 stone giants
  3 spriggan defenders
  11 very ugly things
  Nessos (Lair:7)
  A deep elf annihilator (Vaults:4)
  A salamander stormcaller (Vaults:3)
  9 death oozes (Slime:6)
  8 ettins
  A crystal guardian (Vaults:3)
  20 vault guards
  4 yaktaur captains
  The ghost of nublet the Black Sun, a journeyman TrNe of Kikubaaqudgha (D:12)
  9 rakshasas
  A deep elf high priest (Depths:2)
  A minotaur (Lab)
  12 fire dragons
  12 entropy weavers
  11 ice dragons
  10 great orbs of eyes
  A spriggan air mage (Depths:2)
  Harold (D:10)
  A ghost crab (shapeshifter) (Depths:2)
  13 hydras
  2 catoblepae
  13 centaur warriors
  8 tengu warriors
  4 ghost crabs
  4 deep troll shamans
  A vampire mage (Depths:1)
  A thrashing horror (Abyss:2)
  5 alligators
  7 deep troll earth magi
  The ghost of Goblin1989 the Basher, a journeyman VSGl of Gozag (D:11)
  Urug (D:11)
  5 deep elf knights
  13 ogre magi
  8 spriggan berserkers
  The ghost of DEFE the Nimble, a novice DEFi of Qazlal (D:9)
  A fire crab (shapeshifter) (D:15)
  A wretched star (Abyss:2)
  5 hell knights
  3 orc high priests (Orc:4)
  15 deep trolls
  A fire crab (Lair:7)
  3 skeletal warriors (Vaults:2)
  2 spriggan druids
  4 giant orange brains
  3 flayed ghosts
  A giant orange brain (shapeshifter) (Depths:2)
  4 swamp dragons
  14 ironbrand convokers
  A phantasmal warrior (Swamp:4)
  5 shambling mangroves
  2 unseen horrors
  A swamp dragon (shapeshifter) (Depths:2)
  13 hill giants
  4 spectral hydras (Swamp:4)
  An anubis guard (shapeshifter) (Vaults:4)
  2 deep elf summoners
  8 orc knights
  2 deep elf conjurers
  27 ugly things
  7 necromancers
  9 orb spiders
  24 wolf spiders
  2 manticores (D:12)
  8 griffons
  A harpy (Vaults:3)
  5 cyclopes
  2 orc sorcerers
  4 shining eyes
  A sphinx skeleton (Vaults:4)
  A salamander (shapeshifter) (Vaults:4)
  3 moths of wrath
  10 elephants
  8 hornets
  2 centaur zombies
  Joseph (D:10)
  The ghost of pedritolo the Ruffian, a novice VSTm (D:6)
  An eye of devastation (Slime:6)
  An ice statue (IceCv)
  7 black mambas
  A smoke demon (Abyss:2)
  20 spiny frogs
  11 vault sentinels
  4 gargoyles
  10 komodo dragons
  5 swamp worm zombies (Swamp:4)
  37 yaktaurs
  2 kobold demonologists
  3 efreet
  5 fire drakes
  8 demonic crawlers
  A fire drake (shapeshifter) (Vaults:1)
  4 deep elf priests
  3 hydra zombies (Swamp:4)
  2 tengu conjurers
  A blue devil (Abyss:2)
  2 freezing wraiths
  16 trolls
  A troll (shapeshifter) (Depths:2)
  20 two-headed ogres
  10 giant leeches
  21 jumping spiders
  Prince Ribbit (Lair:1)
  16 polar bears
  8 bog bodies
  6 wind drakes (WizLab)
  98 slime creatures
  An ettin zombie (Vaults:4)
  3 alligator zombies
  3 boulder beetles
  18 blink frogs
  An iron dragon simulacrum (Depths:3)
  9 spriggans
  A blink frog (shapeshifter) (Depths:2)
  3 spectral swamp dragons (Swamp:4)
  A fire giant simulacrum (Vaults:4)
  18 trapdoor spiders
  2 wraiths (D:15)
  53 yaks
  38 redbacks
  7 deep elf fighters
  19 tarantellas
  A wyvern (Lair:7)
  37 air elementals (WizLab)
  A spriggan simulacrum (Depths:3)
  A basilisk (Lair:5)
  3 fire bats (Depths:3)
  2 giant leech zombies (Swamp:2)
  A basilisk (shapeshifter) (Depths:2)
  4 shadows
  2 steam dragons
  A soldier ant (D:10)
  7 deep elf magi
  36 wolves
  2 hippogriffs (shapeshifter) (Depths:2)
  3 human simulacra
  3 hungry ghosts
  A yaktaur simulacrum (Vaults:1)
  5 golden eyes (Slime:1)
  A human (shapeshifter) (D:13)
  9 hippogriffs
  38 insubstantial wisps
  25 swamp worms
  34 vampire mosquitoes
  5 mottled dragons
  A human zombie (Depths:3)
  2 soldier ants (shapeshifter)
  4 wargs
  An eye of draining (shapeshifter) (D:15)
  9 water moccasins
  2 black bears
  30 orc warriors
  9 swamp drakes
  14 porcupines
  5 sky beasts
  17 spiders
  An orc zombie (Vaults:1)
  A spider (shapeshifter) (Depths:2)
  4 swamp dragon zombies (Swamp:4)
  14 wasps
  4 ice beasts
  A necrophage (D:6)
  4 eyes of draining
  6 boggarts
  62 ogres
  24 centaurs
  9 phantoms
  4 big kobolds
  13 crocodiles
  19 giant frogs
  A komodo dragon zombie (Swamp:2)
  2 yaktaur skeletons (Vaults:1)
  A human skeleton (Vaults:4)
  6 scorpions
  3 wyvern zombies
  A wyvern skeleton (D:14)
  An orc simulacrum (Vaults:1)
  10 wights
  A small abomination (Abyss:2)
  7 crimson imps
  12 killer bees
  22 jellies
  A giant frog zombie (D:12)
  2 gnoll shamans
  8 lava snakes
  11 hounds
  A quasit (D:14)
  A giant frog skeleton (D:8)
  16 iguanas
  3 centaur skeletons
  6 worker ants
  Natasha (thrice) (D:2)
  24 orc priests
  A spectral swamp drake (Swamp:4)
  A crocodile zombie (Swamp:2)
  25 orc wizards
  14 sheep
  A worker ant zombie (D:7)
  88 river rats
  3 swamp drake zombies (Swamp:2)
  16 gnolls
  6 shadow imps
  13 white imps
  17 adders
  An ufetubus (Abyss:2)
  8 oozes
  2 worms
  An adder zombie (D:9)
  6 giant geckos
  152 orcs
  A ball python (D:3)
  5 giant cockroaches
  12 hobgoblins
  15 jackals
  6 quokkas
  9 bats
  A giant gecko zombie (D:6)
  7 giant newts
  4 goblins (D:1)
  24 kobolds
  4 rats
  A briar patch (Swamp:4)
  A fungus (Lair:8)
  A plant (Lair:7)
2094 creatures vanquished.

Vanquished Creatures (others)
  A fire giant (Depths:2)
  An ogre mage (Vaults:1)
  An unseen horror (Vaults:1)
  A hornet (Spider:4)
  2 spriggans
  A swamp worm (Swamp:4)
  A porcupine (Lair:7)
  A scorpion (D:14)
  An orc priest (D:14)
  5 sheep (D:5)
  4 briar patches
  7 fungi
  14 plants
40 creatures vanquished.

Grand Total: 2134 creatures vanquished

Notes
Turn   | Place    | Note
--------------------------------------------------------------
     0 | D:1      | Goblin1989 the Demonspawn Monk began the quest for the Orb.
     0 | D:1      | Reached XP level 1. HP: 18/18 MP: 1/1
    71 | D:1      | Reached skill level 4 in Unarmed Combat
    73 | D:1      | Gained mutation: You have sharp fingernails. [demonic ancestry]
    73 | D:1      | Reached XP level 2. HP: 10/24 MP: 2/2
  1007 | D:2      | Gained mutation: You regenerate a little health from kills. [demonic ancestry]
  1007 | D:2      | Reached XP level 3. HP: 26/29 MP: 3/3
  1037 | D:2      | Noticed Natasha
  1050 | D:2      | Killed Natasha
  1059 | D:2      | Noticed Natasha
  1163 | D:2      | Killed Natasha
  1163 | D:2      | Reached skill level 1 in Armour
  1302 | D:2      | Found a sparkling altar of Nemelex Xobeh.
  1322 | D:2      | Gained mutation: Your flesh is cold resistant. [demonic ancestry]
  1322 | D:2      | Reached XP level 4. HP: 31/35 MP: 4/4
  1328 | D:2      | Noticed Natasha
  1336 | D:2      | Killed Natasha
  1340 | D:2      | Reached skill level 5 in Unarmed Combat
  1593 | D:2      | Gained mutation: You regenerate health from kills. [demonic ancestry]
  1593 | D:2      | Reached XP level 5. HP: 15/41 MP: 5/5
  2311 | D:3      | Reached skill level 6 in Unarmed Combat
  2315 | D:3      | Gained mutation: You have large cloven feet. [demonic ancestry]
  2315 | D:3      | Reached XP level 6. HP: 17/47 MP: 6/6
  3038 | D:4      | Reached skill level 7 in Unarmed Combat
  3038 | D:4      | Gained mutation: You have a pair of small horns on your head. [demonic ancestry]
  3038 | D:4      | Reached XP level 7. HP: 29/52 MP: 7/7
  3066 | D:4      | Got an ichor-stained whip
  3069 | D:4      | Identified the +5 whip of the Empty Page {freeze, *Contam rF++ rC+ MR-} (You found it on level 4 of the Dungeon)
  3086 | D:4      | Gained mutation: You are dopey. (Int -2) [mutagenic glow]
  3216 | D:4      | Found Benlash's Weapon Shoppe.
  3638 | D:4      | Reached skill level 8 in Unarmed Combat
  3745 | D:5      | Entered Level 5 of the Dungeon
  3970 | D:5      | Gained mutation: You have hoof-like feet. [demonic ancestry]
  3970 | D:5      | Reached XP level 8. HP: 52/58 MP: 8/8
  4176 | D:5      | Reached skill level 9 in Unarmed Combat
  4206 | D:5      | Found a shimmering altar of Xom.
  4363 | D:5      | Found a staircase to the Ecumenical Temple.
  4372 | Temple   | Entered the Ecumenical Temple
  4465 | Temple   | Became a worshipper of Warmaster Okawaru
  4465 | Temple   | Reached * piety under Okawaru
  4465 | Temple   | Reached ** piety under Okawaru
  4500 | D:5      | Found a shattered altar of Ashenzari.
  4692 | D:6      | Noticed a hill giant
  5129 | D:6      | Reached skill level 1 in Crossbows
  5470 | D:6      | Noticed pedritolo's ghost (novice VSTm)
  5570 | D:7      | Reached skill level 10 in Unarmed Combat
  5576 | D:7      | Reached *** piety under Okawaru
  5576 | D:7      | Gained mutation: You have hooves in place of feet. [demonic ancestry]
  5576 | D:7      | Reached XP level 9. HP: 61/64 MP: 7/9
  5585 | D:7      | Reached skill level 5 in Fighting
  5626 | D:7      | Identified the Grimoire of Bewitchment
  5843 | D:7      | Reached **** piety under Okawaru
  6122 | D:6      | Killed pedritolo's ghost
  6271 | D:8      | Reached skill level 5 in Armour
  6278 | D:8      | Reached XP level 10. HP: 74/74 MP: 10/10
  6515 | D:8      | Found a shattered altar of Ashenzari.
  6733 | D:9      | Noticed DEFE's ghost (novice DEFi)
  6757 | D:9      | Killed DEFE's ghost
  6936 | D:9      | Reached skill level 5 in Crossbows
  7060 | D:9      | Gained mutation: You are frail (-10% HP). [mutagenic meat]
  7061 | D:9      | Gained mutation: Your body sometimes deteriorates upon taking damage. [mutagenic meat]
  7062 | D:9      | Gained mutation: Your flesh is heat resistant. [mutagenic meat]
  7129 | D:9      | Found a shimmering altar of Xom.
  7277 | D:9      | Found Jeech's Gadget Boutique.
  7317 | D:9      | Noticed Gastronok
  7335 | D:9      | Killed Gastronok
  7335 | D:9      | Reached ***** piety under Okawaru
  7335 | D:9      | Reached skill level 11 in Unarmed Combat
  7559 | D:10     | Entered Level 10 of the Dungeon
  7560 | D:10     | Found a staircase to the Lair.
  7656 | D:10     | Noticed a hill giant
  7667 | D:10     | Killed a hill giant
  7846 | D:10     | Noticed a hill giant
  7872 | D:10     | Killed a hill giant
  7872 | D:10     | Reached XP level 11. HP: 32/75 MP: 8/11
  8056 | D:10     | Noticed Joseph
  8065 | D:10     | Killed Joseph
  8065 | D:10     | Received a gift from Okawaru
  8134 | D:10     | Found Poteliu's General Store.
  8138 | D:10     | Bought a scroll of blinking for 97 gold pieces
  8138 | D:10     | Bought a potion of flight for 39 gold pieces
  8138 | D:10     | Bought a +2 ring of evasion for 130 gold pieces
  8407 | D:10     | Noticed a hill giant
  8433 | D:10     | Killed a hill giant
  8523 | D:10     | Noticed Harold
  8580 | D:10     | Killed Harold
  8830 | D:10     | Gained mutation: You are very frail (-20% HP). [mutagenic meat]
  8831 | D:10     | Lost mutation: You are very frail (-20% HP). [mutagenic meat]
  8832 | D:10     | Gained mutation: You possess an exceptional clarity of mind. [mutagenic meat]
  8833 | D:10     | Gained mutation: Your natural rate of healing is unusually fast. [mutagenic meat]
  9451 | D:10     | Noticed a six-headed hydra
  9551 | D:11     | Noticed Goblin1989's ghost (journeyman VSGl)
  9562 | D:10     | Lost mutation: You are dopey. (Int -2) [potion of beneficial mutation]
  9739 | D:10     | Killed a six-headed hydra
  9739 | D:10     | Received a gift from Okawaru
  9739 | D:10     | Reached skill level 1 in Invocations
  9769 | Lair:1   | Entered Level 1 of the Lair of Beasts
 10629 | Lair:1   | Noticed Prince Ribbit
 10648 | Lair:1   | Killed Prince Ribbit
 10692 | Lair:1   | Upgraded the game from 0.17.1-3-g152610e to 0.17.2
 10938 | Lair:2   | Found a dark tunnel.
 10945 | Volcano  | Entered a volcano
 11132 | Volcano  | Found a burning altar of Makhleb.
 11148 | Volcano  | Reached XP level 12. HP: 38/84 MP: 13/15
 11342 | Lair:2   | Found a sparkling altar of Nemelex Xobeh.
 11390 | Lair:2   | Noticed a six-headed hydra
 11397 | Lair:2   | Killed a six-headed hydra
 11514 | Lair:2   | Reached skill level 5 in Invocations
 11554 | Lair:2   | Noticed a seven-headed hydra
 11565 | Lair:2   | Killed a seven-headed hydra
 12280 | Lair:3   | Noticed a six-headed hydra
 12291 | Lair:3   | Killed a six-headed hydra
 12291 | Lair:3   | Received a gift from Okawaru
 12504 | Lair:3   | Received a gift from Okawaru
 13590 | Lair:4   | Found a hole to the Spider Nest.
 13663 | Lair:4   | Reached skill level 10 in Crossbows
 13663 | Lair:4   | Reached skill level 5 in Dodging
 14138 | Lair:5   | Received a gift from Okawaru
 14251 | Lair:5   | Noticed a four-headed hydra
 14273 | Lair:5   | Killed a four-headed hydra
 14273 | Lair:5   | Received a gift from Okawaru
 14288 | Lair:5   | Gained mutation: You have very sharp fingernails. [demonic ancestry]
 14288 | Lair:5   | Reached XP level 13. HP: 90/90 MP: 17/17
 14382 | Lair:5   | Found a staircase to the Swamp.
 14975 | Lair:6   | Reached skill level 12 in Unarmed Combat
 15326 | Lair:6   | Received a gift from Okawaru
 15583 | Lair:6   | Received a gift from Okawaru
 15972 | Lair:6   | Reached skill level 10 in Fighting
 16108 | Lair:7   | Noticed Nessos
 16439 | Lair:7   | Received a gift from Okawaru
 16461 | Lair:7   | Got a slimy chain mail
 16484 | Lair:7   | Identified the +6 chain mail of the Will of the Gods {MR++ Str+3} (You found it on level 7 of the Lair of Beasts)
 16523 | Lair:7   | Killed Nessos
 16596 | Lair:7   | Reached ****** piety under Okawaru
 16603 | Lair:7   | Received a gift from Okawaru
 16625 | Lair:7   | Received a gift from Okawaru
 16698 | Lair:7   | Reached skill level 13 in Unarmed Combat
 16946 | Lair:7   | Received a gift from Okawaru
 17035 | Lair:7   | Found a bloodstained altar of Trog.
 17620 | Lair:8   | Entered Level 8 of the Lair of Beasts
 17636 | Lair:8   | Found a frozen archway.
 17834 | IceCv    | Entered an ice cave
 17846 | IceCv    | Received a gift from Okawaru
 17908 | IceCv    | Gained mutation: You are immune to freezing clouds. [demonic ancestry]
 17908 | IceCv    | Reached XP level 14. HP: 86/99 MP: 18/18
 18284 | IceCv    | Noticed a frost giant
 18316 | IceCv    | Killed a frost giant
 18901 | Lair:8   | Received a gift from Okawaru
 18936 | Lair:8   | Reached skill level 14 in Unarmed Combat
 19063 | Lair:8   | Found a runed door.
 19063 | Lair:8   | Found a viscous altar of Jiyva.
 19063 | Lair:8   | Found a staircase to the Slime Pits.
 19187 | Lair:8   | Received a gift from Okawaru
 19190 | Lair:8   | Got a pair of jewelled gloves {god gift}
 19196 | Lair:8   | Identified the +1 pair of gloves "Gueq" {Str+8} (Okawaru gifted it to you on level 8 of the Lair of Beasts)
 19605 | D:11     | Noticed Urug
 19639 | D:11     | Killed Urug
 19652 | D:11     | Found a staircase to the Orcish Mines.
 19693 | D:11     | Killed Goblin1989's ghost
 19774 | D:11     | Noticed a hill giant
 19780 | D:11     | Killed a hill giant
 20265 | Orc:1    | Entered Level 1 of the Orcish Mines
 20285 | Orc:1    | Cast into the Abyss (orc)
 20285 | Abyss:1  | Found a corrupted altar of Lugonu.
 20323 | Abyss:2  | Found a shattered altar of Ashenzari.
 20349 | Abyss:2  | Found a shattered altar of Ashenzari.
 20364 | Abyss:2  | Noticed a profane servitor
 20377 | Abyss:2  | Gained mutation: Armour fits poorly on your strangely shaped body. [a neqoxec]
 20662 | Orc:1    | Escaped the Abyss
 20693 | Orc:1    | Gained mutation: You can spit weak poison. [potion of mutation]
 20693 | Orc:1    | Lost mutation: Your natural rate of healing is unusually fast. [potion of mutation]
 20694 | Orc:1    | Gained mutation: Your skin changes colour to match your surroundings (Stealth). [potion of mutation]
 20694 | Orc:1    | Gained mutation: You are very frail (-20% HP). [potion of mutation]
 20716 | Orc:1    | Lost mutation: You are very frail (-20% HP). [potion of cure mutation]
 20716 | Orc:1    | Lost mutation: You are frail (-10% HP). [potion of cure mutation]
 20716 | Orc:1    | Lost mutation: Your body sometimes deteriorates upon taking damage. [potion of cure mutation]
 20716 | Orc:1    | Lost mutation: You can spit weak poison. [potion of cure mutation]
 20716 | Orc:1    | Lost mutation: Armour fits poorly on your strangely shaped body. [potion of cure mutation]
 21874 | Orc:3    | Found a staircase to the Elven Halls.
 21924 | Orc:3    | Found a bloodstained altar of Trog.
 22232 | Orc:4    | Entered Level 4 of the Orcish Mines
 22787 | Orc:4    | Gained mutation: You have a pair of horns on your head. [demonic ancestry]
 22787 | Orc:4    | Reached XP level 15. HP: 110/120 MP: 19/19
 22829 | Orc:4    | Received a gift from Okawaru
 22834 | Orc:4    | Reached skill level 15 in Unarmed Combat
 22948 | Orc:4    | Found Vosush's Book Emporium.
 23018 | Orc:4    | Found Naghokho's Assorted Antiques.
 23019 | Orc:4    | Found Sufuut's Book Boutique.
 23027 | Orc:4    | Found Dekanon's Antique Armour Emporium.
 23038 | Orc:4    | Found Tudwosergh's Magic Scroll Shop.
 23042 | Orc:4    | Bought a faintly glowing cloak for 275 gold pieces
 23052 | Orc:4    | Identified the +1 cloak of Repulsion {*Contam MR+ MP+9 Str+4} (You bought it in a shop on level 4 of the Orcish Mines)
 23068 | Orc:4    | Bought a scroll of teleportation for 51 gold pieces
 23068 | Orc:4    | Bought a scroll of identify for 34 gold pieces
 23068 | Orc:4    | Bought a scroll of identify for 34 gold pieces
 23068 | Orc:4    | Bought a scroll of identify for 34 gold pieces
 23068 | Orc:4    | Bought a scroll of identify for 34 gold pieces
 23068 | Orc:4    | Bought a scroll of identify for 34 gold pieces
 23080 | Orc:4    | Bought a potion of heal wounds for 120 gold pieces
 23080 | Orc:4    | Bought a scroll labeled BOG ACSUT GASO for 24 gold pieces
 23576 | Swamp:1  | Entered Level 1 of the Swamp
 24439 | Swamp:1  | Identified a scroll of acquirement
 24577 | Swamp:1  | Received a gift from Okawaru
 24924 | Swamp:2  | Noticed Roxanne
 24950 | Swamp:2  | Received a gift from Okawaru
 25100 | Swamp:2  | Noticed Aizul
 25123 | Swamp:2  | Killed Aizul
 25123 | Swamp:2  | Received a gift from Okawaru
 25515 | Swamp:2  | Noticed Frances
 25536 | Swamp:2  | Killed Frances
 26172 | Swamp:3  | Reached skill level 16 in Unarmed Combat
 26317 | Swamp:3  | Noticed a thorn hunter
 26327 | Swamp:3  | Killed a thorn hunter
 26420 | Swamp:3  | Received a gift from Okawaru
 26483 | Swamp:3  | Noticed Jorgrun
 26498 | Swamp:3  | Killed Jorgrun
 26498 | Swamp:3  | Received a gift from Okawaru
 26688 | Swamp:3  | Noticed a thorn hunter
 26708 | Swamp:3  | Killed a thorn hunter
 26829 | Swamp:3  | Reached skill level 10 in Dodging
 26862 | Swamp:3  | Reached XP level 16. HP: 76/131 MP: 20/20
 27373 | Swamp:4  | Entered Level 4 of the Swamp
 27535 | Swamp:3  | HP: 4/131 [spriggan rider/spear (12)]
 28344 | Swamp:4  | Received a gift from Okawaru
 28978 | Swamp:4  | ololoev: ох как же я люблю айронбрэнд конвокеров!
 28978 | Swamp:4  | Wingboner: Я конкретно люблю их.
 28978 | Swamp:4  | Wingboner: Т.к. к ним уже есть крутое АоЕ.
 28978 | Swamp:4  | ololoev: они созданы для файершторма!
 28978 | Swamp:4  | Wingboner: Специально жду, пока они присамонят.
 29092 | Swamp:4  | ololoev: я специально бегаю от них чтобы они начали саммонить
 29227 | Swamp:4  | Noticed a bone dragon
 29251 | Swamp:4  | Killed a bone dragon
 29338 | Swamp:4  | Got a decaying rune of Zot
 29941 | D:12     | Noticed nublet's ghost (journeyman TrNe)
 29955 | D:12     | Killed nublet's ghost
 30734 | D:13     | Found a labyrinth entrance.
 30788 | Lab      | Entered a labyrinth
 31626 | Lab      | Got a clouded platinum ring
 31628 | Lab      | Identified the ring "Ytton" {rC+ rN+ MP+9 Str-2} (You found it in a labyrinth)
 31872 | D:13     | Received a gift from Okawaru
 32168 | D:14     | Gained mutation: You regenerate a lot of health from kills. [demonic ancestry]
 32168 | D:14     | Reached XP level 17. HP: 136/136 MP: 21/21
 32364 | D:14     | Found a burning altar of Makhleb.
 32369 | D:14     | Received a gift from Okawaru
 32559 | D:14     | Found a gate to the Vaults.
 32645 | D:15     | Entered Level 15 of the Dungeon
 32774 | D:15     | Found a staircase to the Depths.
 33388 | D:15     | crauler: снайперино
 33417 | D:15     | Goblin1989: ?
 33491 | D:15     | crauler: ну арбалет
 33491 | D:15     | Goblin1989: аааа
 33491 | D:15     | Goblin1989: у меня еще этот есть
 33491 | D:15     | crauler: я про него и говорил же, лол
 33491 | D:15     | Goblin1989: я их названия никогда раньше не чител
 33491 | D:15     | Goblin1989: *читал
 33491 | D:15     | Goblin1989: до него еще долго ползти
 34164 | Spider:1 | Entered Level 1 of the Spider Nest
 34188 | Spider:1 | Noticed Louise
 34201 | Spider:1 | Killed Louise
 34651 | Spider:1 | Noticed Donald
 34663 | Spider:1 | Killed Donald
 34948 | Spider:2 | Received a gift from Okawaru
 35670 | Spider:3 | Reached skill level 15 in Fighting
 36853 | Spider:4 | Entered Level 4 of the Spider Nest
 37032 | Spider:4 | Reached XP level 18. HP: 146/146 MP: 22/22
 37122 | Spider:4 | Received a gift from Okawaru
 37429 | Spider:4 | Noticed Asterion
 37461 | Spider:4 | Received a gift from Okawaru
 37492 | Spider:4 | crauler: >пол хп скорпиона за удар
 37493 | Spider:4 | crauler: чтоб я так жил
 37503 | Spider:4 | Wingboner: А был бы драконом!!11
 37532 | Spider:4 | Reached skill level 10 in Armour
 37537 | Spider:4 | Killed Asterion
 37538 | Spider:4 | crauler: sniper же теперь вроде 100% попадает?
 37538 | Spider:4 | Goblin1989: хз
 37542 | Spider:4 | Goblin1989: я его не использовал пока
 37585 | Spider:4 | Got a gossamer rune of Zot
 38027 | Vaults:1 | Entered Level 1 of the Vaults
 38151 | Vaults:1 | ololoev: в транке да
 38157 | Vaults:1 | Reached skill level 15 in Dodging
 38164 | Vaults:1 | ololoev: в 0.17 нет
 38182 | Vaults:1 | crauler: а в 0.18?
 38182 | Vaults:1 | ololoev: вроде тоже да
 38378 | Vaults:1 | Received a gift from Okawaru
 38381 | Vaults:1 | Got a warped cloak {god gift}
 38392 | Vaults:1 | Identified the +0 cloak of Ititrake {-Tele +Fly Slay+3 Stlth+} (Okawaru gifted it to you on level 1 of the Vaults)
 38392 | Vaults:1 | ololoev: как же я обожаю жечь лес
 38392 | Vaults:1 | ololoev: особенно с новыми файерболами!
 39345 | Vaults:2 | Found a magical portal.
 39497 | WizLab   | Entered The Chambers of Wesag the Cloud Mage
 39816 | WizLab   | Gained mutation: You have claws for hands. [demonic ancestry]
 39816 | WizLab   | Reached XP level 19. HP: 122/152 MP: 23/23
 39837 | WizLab   | Identified the Handbook of Flight
 39841 | WizLab   | Learned a level 2 spell: Repel Missiles
 39844 | WizLab   | Learned a level 2 spell: Swiftness
 39850 | WizLab   | Learned a level 5 spell: Silence
 39858 | WizLab   | Identified Iriga's Disquisition on Lethal Weightlessness
 40073 | Vaults:2 | Found a staircase to the Crypt.
 40292 | Vaults:2 | Found a bloodstained altar of Trog.
 40788 | Vaults:2 | Received a gift from Okawaru
 41215 | Vaults:3 | Got a transparent hand crossbow
 41216 | Vaults:3 | Identified the +8 hand crossbow of Urinkoa {penet, rElec rF++} (You found it on level 3 of the Vaults)
 41267 | Vaults:3 | Received a gift from Okawaru
 41297 | Vaults:3 | Got a twisted hat {god gift}
 41308 | Vaults:3 | Identified the +0 hat "Lutzyikh" {rElec rN+ Int+4} (Okawaru gifted it to you on level 3 of the Vaults)
 41381 | Vaults:3 | Reached skill level 15 in Crossbows
 41912 | Vaults:3 | Found a portal to a secret trove of treasure.
 41916 | Vaults:3 | ololoev: изи трова
 41916 | Vaults:3 | ololoev: моя требует 5 пойл резиста
 41916 | Vaults:3 | ololoev: они мне нафиг не нужны
 41916 | Vaults:3 | ololoev: но у меня всего 3
 41916 | Vaults:3 | crauler: а что будет если эту трову взять с гозагом?
 41916 | Vaults:3 | crauler: деньги отберут?
 41916 | Vaults:3 | Goblin1989: я вот хз что потом брать-то, какую религию
 42035 | Vaults:3 | crauler: ответ всегда ксом
 42059 | Vaults:3 | Goblin1989: не
 42080 | Vaults:3 | crauler: ctrl f ecumen
 42382 | Vaults:3 | Noticed Boris
 42396 | Vaults:3 | Killed Boris
 42396 | Vaults:3 | Received a gift from Okawaru
 42546 | Vaults:4 | Found Ixti's Armour Shop.
 42832 | Vaults:4 | Reached skill level 17 in Dodging
 42832 | Vaults:4 | Gained mutation: You have a pair of large horns on your head. [demonic ancestry]
 42832 | Vaults:4 | Reached XP level 20. HP: 163/163 MP: 22/24
 42898 | Vaults:4 | Received a gift from Okawaru
 42974 | Vaults:4 | Goblin1989: 68 раз героином пользовался
 42974 | Vaults:4 | Goblin1989: демонспавн-наркоман
 42974 | Vaults:4 | Goblin1989: ни одного рана такого еще не было
 43050 | Vaults:4 | Received a gift from Okawaru
 43317 | Vaults:4 | Noticed Margery
 43326 | Vaults:4 | Killed Margery
 43332 | Vaults:4 | Received a gift from Okawaru
 43500 | Vaults:4 | Received a gift from Okawaru
 43995 | Depths:1 | Entered Level 1 of the Depths
 44026 | Depths:1 | Learned a level 6 spell: Haste
 44048 | Depths:1 | Found a shattered altar of Ashenzari.
 44210 | Depths:1 | Reached skill level 1 in Charms
 44324 | Depths:1 | You fall through a shaft!
 44436 | Depths:2 | Found a one-way gate leading to the halls of Pandemonium.
 44436 | Depths:2 | Found a gateway to Hell.
 44692 | Depths:1 | Noticed a juggernaut
 44692 | Depths:1 | Received a gift from Okawaru
 44692 | Depths:1 | Reached skill level 18 in Dodging
 45531 | Depths:1 | Killed a juggernaut
 45531 | Depths:1 | Reached XP level 21. HP: 139/170 MP: 18/25
 45630 | Depths:1 | Identified the Collected Works on Displacement and the Oath
 45633 | Depths:1 | Learned a level 1 spell: Apportation
 45637 | Depths:1 | Learned a level 3 spell: Portal Projectile
 45647 | Depths:1 | Goblin1989: Хватит на сегодня
 45647 | Depths:1 | Goblin1989: 74 героина
 45647 | Depths:1 | Goblin1989: больше героина для демонспавна-монка!
 45651 | Depths:1 | Got an opal-encrusted scale mail {god gift}
 45662 | Depths:1 | Identified the +1 scale mail of the Lute {Int+3} (Okawaru gifted it to you on level 1 of the Depths)
 45784 | Depths:2 | Reached skill level 1 in Translocations
 45883 | Depths:2 | HP: 4/170 [stone giant/large rock (19)]
 45900 | Depths:2 | Gained mutation: You are frail (-10% HP). [mutagenic glow]
 46215 | Depths:2 | Received a gift from Okawaru
 46485 | Depths:2 | Received a gift from Okawaru
 46491 | Depths:2 | Noticed a golden dragon
 46507 | Depths:2 | Killed a golden dragon
 46538 | Depths:2 | Received a gift from Okawaru
 46675 | Depths:2 | Got a polished hand crossbow {god gift}
 46676 | Depths:2 | Identified the +2 hand crossbow "Baetageo" {penet, MR+ Str+7 Int-2} (Okawaru gifted it to you on level 2 of the Depths)
 47341 | Depths:2 | Reached skill level 19 in Dodging
 47396 | Depths:2 | Identified a +8 rod of inaccuracy (13/13) (You found it on level 2 of the Depths)
 47561 | Depths:2 | Received a gift from Okawaru
 48037 | Depths:3 | Received a gift from Okawaru
 48509 | Depths:3 | Reached XP level 22. HP: 147/159 MP: 26/26
 48696 | Depths:3 | Noticed Shtopit's ghost (legendary GrBe)
 48733 | Depths:3 | HP: 8/160 [Shtopit's ghost (10)]
 49443 | Slime:1  | Entered Level 1 of the Pits of Slime
 49480 | Slime:1  | Gained mutation: You are dopey. (Int -2) [a shining eye]
 49484 | Slime:1  | Gained mutation: Your magical capacity is low (-10% MP). [a shining eye]
 49488 | Slime:1  | Reached skill level 5 in Translocations
 49498 | Slime:2  | Gained mutation: Your flesh is very heat resistant. [a shining eye]
 49705 | Slime:3  | Gained mutation: Armour fits poorly on your strangely shaped body. [a shining eye]
 49706 | Slime:3  | Gained mutation: Potions and wands are less effective at restoring your health. [a shining eye]
 49708 | Slime:3  | Gained mutation: You are agile. (Dex +2) [a shining eye]
 49779 | Slime:5  | Gained mutation: You tend to lose your temper in combat. [a shining eye]
 49787 | Slime:5  | Gained mutation: You occasionally shout uncontrollably at your foes. [a shining eye]
 49789 | Slime:5  | Gained mutation: You are very dopey. (Int -4) [a shining eye]
 49792 | Slime:5  | Gained mutation: You expend magic power (3 MP) to strengthen your wands. [a shining eye]
 49923 | Slime:4  | Lost mutation: Your magical capacity is low (-10% MP). [potion of cure mutation]
 49923 | Slime:4  | Lost mutation: You are very dopey. (Int -4) [potion of cure mutation]
 49923 | Slime:4  | Lost mutation: You are dopey. (Int -2) [potion of cure mutation]
 49923 | Slime:4  | Lost mutation: You tend to lose your temper in combat. [potion of cure mutation]
 49923 | Slime:4  | Lost mutation: Your flesh is very heat resistant. [potion of cure mutation]
 49923 | Slime:4  | Lost mutation: You expend magic power (3 MP) to strengthen your wands. [potion of cure mutation]
 49924 | Slime:4  | Lost mutation: You occasionally shout uncontrollably at your foes. [potion of cure mutation]
 49924 | Slime:4  | Lost mutation: You are frail (-10% HP). [potion of cure mutation]
 49924 | Slime:4  | Lost mutation: You possess an exceptional clarity of mind. [potion of cure mutation]
 49924 | Slime:4  | Lost mutation: Armour fits poorly on your strangely shaped body. [potion of cure mutation]
 49924 | Slime:4  | Lost mutation: Your skin changes colour to match your surroundings (Stealth). [potion of cure mutation]
 50062 | Slime:6  | Entered Level 6 of the Pits of Slime
 50257 | Slime:6  | Noticed the royal jelly
 50273 | Slime:6  | Killed the royal jelly
 50273 | Slime:6  | Received a gift from Okawaru
 50296 | Slime:6  | Slain by a death ooze

Action                   |  1- 3 |  4- 6 |  7- 9 | 10-12 | 13-15 | 16-18 | 19-21 | 22-24 || total
-------------------------+-------+-------+-------+-------+-------+-------+-------+-------++-------
Melee: Unarmed           |   100 |   235 |   318 |   877 |  1901 |  1893 |  1381 |   333 ||  7038
 Fire: Hand crossbow     |       |       |     4 |     4 |    36 |    89 |    40 |       ||   173
       Heavy crossbow    |       |       |       |     6 |       |       |     2 |     1 ||     9
Invok: Heroism           |       |       |     3 |    19 |    19 |    19 |    16 |     2 ||    78
       Finesse           |       |       |       |     1 |     9 |     2 |    10 |     2 ||    24
Evoke: Wand              |       |       |     3 |     5 |     4 |     4 |     4 |       ||    20
  Use: Scroll            |       |       |     7 |    20 |    17 |    12 |     9 |       ||    65
       Potion            |       |       |     1 |     4 |     5 |     3 |     7 |     8 ||    28
 Stab: Sleeping          |     2 |     1 |       |       |       |       |     1 |       ||     4
       Distracted        |       |     1 |       |       |       |       |     1 |       ||     2
       Paralysed         |       |       |     3 |       |       |       |       |       ||     3
       Invisible         |       |       |       |     3 |       |       |       |       ||     3
       Confused          |       |       |       |       |     1 |       |       |       ||     1
       Petrified         |       |       |       |       |     1 |       |       |       ||     1
       Held in net/web   |       |       |       |       |       |     1 |       |       ||     1
  Eat: Chunk             |       |     7 |    11 |    33 |    26 |    19 |    25 |       ||   121
       Fruit             |       |       |       |     1 |       |     7 |     2 |     4 ||    14
       Royal jelly       |       |       |       |     1 |     7 |     5 |       |       ||    13
       Meat ration       |       |       |       |       |     1 |     1 |     1 |     1 ||     4
       Beef jerky        |       |       |       |       |       |     5 |       |       ||     5
       Pizza             |       |       |       |       |       |       |     1 |     1 ||     2
